 Dungeon Crawl Stone Soup version 0.25-a0-577-ga4619f409e (webtiles) character file.

Game seed: 2481333191770590827, levelgen mode: deterministic

36 An17 the Vexing (level 3, -5/19 HPs)
             Began as a Vampire Enchanter on Mar 2, 2020.
             Slain by a gnoll (7 damage)
             ... on level 3 of the Dungeon.
             The game lasted 00:04:09 (880 turns).

An17 the Vexing (Vampire Enchanter)                  Turns: 880, Time: 00:04:09

Health: -5/19      AC:  3    Str:  7    XL:     3   Next: 19%
Magic:  0/6        EV: 12    Int: 17    God:
Gold:   40         SH:  0    Dex: 15    Spells: 0/6 levels left

rFire    . . .     SeeInvis +   a - +1 dagger
rCold    + + .     Gourm    .   (no shield)
rNeg     + + +     Faith    .   e - +0 leather armour
rPois    ∞         Spirit   .   (no helmet)
rElec    .         Reflect  .   (no cloak)
rCorr    .         Harm     .   (no gloves)
MR       .....                  (no boots)
Stlth    +++++.....             (no amulet)
HPRegen  0.00/turn              (no ring)
MPRegen  0.10/turn              (no ring)

@: very slightly contaminated, bloodless
A: no food, fangs 3, see invisible, unbreathing
a: Bat Form, Revivify


You were on level 3 of the Dungeon.
You were bloodless.

You visited 1 branch of the dungeon, and saw 3 of its levels.

You collected 40 gold pieces.

Inventory:

Hand Weapons
 a - a +1 dagger (weapon)
Armour
 e - a +0 leather armour (worn)
Potions
 b - a potion of ambrosia {unknown}
 c - 3 potions of curing {unknown}
 d - a potion of haste


   Skills:
 + Level 0.2 Fighting
 + Level 1.2 Short Blades
 + Level 0.2 Armour
 + Level 2.5 Dodging
 + Level 4.9 Stealth
 + Level 2.2 Spellcasting
 + Level 5.1 Hexes


You couldn't memorise any spells.
You knew the following spells:

 Your Spells              Type           Power        Failure   Level  Hunger
a - Corona                Hex            ###....      3%          1    N/A
b - Ensorcelled Hibernat  Hex/Ice        ##....       14%         2    N/A
c - Tukima's Dance        Hex            ###.....     10%         3    N/A

Your spell library contained the following spells:

 Spells                   Type           Power        Failure   Level  Hunger
 Confusing Touch          Hex            ###.....     10%         3    N/A
 Dazzling Flash           Conj/Hex       ##....       28%         3    N/A

Dungeon Overview and Level Annotations

Branches:
Dungeon (2/15)

Altars:
Zin


Innate Abilities, Weirdness & Mutations

You do not eat.
You do not regenerate when monsters are visible.
You are frail without blood (-20% HP).
You can heal yourself when you bite living creatures.
You are immune to poison.
You have razor-sharp teeth.
You have supernaturally acute eyesight. (SInv)
You can survive without breathing.


Message History

You hit the gnoll.
The gnoll is lightly wounded.
The gnoll hits you.
You hit the gnoll but do no damage.
The gnoll is lightly wounded.
The gnoll hits you.
You hit the gnoll. You bite the gnoll, but do no damage.
The gnoll is moderately wounded.
The gnoll barely misses you.
Casting: Ensorcelled Hibernation (safe; 14% risk of failure)
Confirm with . or Enter, or press ? or * to list all spells.
Aiming: Corona (safe; 3% risk of failure)
Press: ? - help, Shift-Dir - straight line, f/p - gnoll
Aim: a gnoll (moderately wounded, chance to defeat MR: 66%)
The gnoll is outlined in light.
The gnoll hits you.
* * * LOW HITPOINT WARNING * * *
You hit the gnoll but do no damage.
The gnoll is moderately wounded.
The gnoll hits you!
You die...

######## ).......
########## #.......
#........# #.....^.
#...†....#
##########.....g@.#
.........'.>......#
##########........#
##########


You could see a gnoll.

Vanquished Creatures
  A dart slug (D:1)
  A leopard gecko (D:1)
  2 bats
  3 giant cockroaches
  6 goblins
  3 hobgoblins (D:1)
  3 jackals (D:1)
  5 kobolds
  A ball python (D:1)
  A frilled lizard (D:1)
  3 rats
29 creatures vanquished.

Notes
Turn   | Place    | Note
-------+----------+-------------------------------------------
     0 | D:1      | An17 the Vampire Enchanter began the quest for the Orb.
     0 | D:1      | Reached XP level 1. HP: 13/13 MP: 3/3
   157 | D:1      | Reached XP level 2. HP: 19/19 MP: 5/5
   180 | D:1      | Learned a level 2 spell: Ensorcelled Hibernation
   203 | D:1      | Reached skill level 5 in Hexes
   710 | D:1      | Reached XP level 3. HP: 11/19 MP: 6/6
   715 | D:1      | Learned a level 3 spell: Tukima's Dance
   776 | D:2      | Found a glowing silver altar of Zin.
   825 | D:2      | You fall into a shaft and drop 1 floor!
   880 | D:3      | Slain by a gnoll

Levels and vault maps discovered:
D:1:      matt_arrival_grand_opening, layout_rooms
D:2:      wad_crossroads, layout_loops_cross, old_standard_altar,
          minmay_misc_feat_doors
D:3:      minmay_chambers_of_twos, layout_basic, lemuel_coloured_pillars_altar,
          gammafunk_ghost_smash, lemuel_another_geyser, uniq_robin

Skill      XL: |  1  2 |
---------------+-------+-----
Hexes          | 5 |  5.1
Fighting       | |  0.2
Short Blades   | |  1.2
Armour         | |  0.2
Dodging        | |  2.5
Stealth        | |  4.9
Spellcasting   | |  2.2

Action                   || total
-------------------------++-------
Melee: Dagger            ||    77
       Bite              ||     9
 Cast: Corona            ||     4
       Ensorcelled Hiber ||    10
 Abil: Exsanguinate      ||     1
  Use: Scroll            ||     1
 Stab: Sleeping          ||    14
Armor: Leather armour    ||    23
       Robe              ||     2
Dodge: Dodged            ||    52

Table legend:
 A = Non-vault XP
 B = Vault XP
 C = Vault XP percentage of total XP
 D = Non-vault monster count
 E = Vault monster count
 F = Vault count percentage of total count
                 A         B        C        D         E       F
            +---------+---------+-------+---------+---------+-------
      Total |      52 |       0 |   0.0 |      29 |       0 |   0.0
            +---------+---------+-------+---------+---------+-------
        D:1 |      44 |       0 |   0.0 |      23 |       0 |   0.0
        D:2 |       4 |       0 |   0.0 |       3 |       0 |   0.0
        D:3 |       4 |       0 |   0.0 |       3 |       0 |   0.0
            +---------+---------+-------+---------+---------+-------
